 Dungeon Crawl Stone Soup version 0.16.1-11-g651b585 (webtiles) character file.

242 Madness1011 the Skirmisher (level 5, 0/42 HPs)
             Began as a Demonspawn Abyssal Knight on Mar 31, 2015.
             Was a Believer of Lugonu.
             Succumbed to an adder's poison
             ... in a sewer.
             The game lasted 00:20:44 (2519 turns).

Madness1011 the Skirmisher (DsAK)                   Turns: 2519, Time: 00:20:44

Health: 0/42       AC:  6    Str: 18    XL:     5   Next: 81%
Magic:  7/7        EV: 13    Int: 13    God:    Lugonu [**....]
Gold:   109        SH:  0    Dex: 12    Spells: 0 memorised, 4 levels left

rFire  . . .     SeeInvis .     a - +1 hand axe
rCold  . . .     Clarity  .     n - +0 robe (curse)
rNeg   . . .     SustAb   .     (no shield)
rPois  .         Gourm    .     (no helmet)
rElec  .         Spirit   .     (no cloak)
rCorr  .         Warding  .     (no gloves)
rMut   .         Stasis   .     (no boots)
MR     .....                    (no amulet)
Stlth  +.........               (no ring)
                                (no ring)

@: mighty, lethally poisoned (0 -> -3), not resistant to hostile enchantments,
very unstealthy
A: rough black scales 1
a: Depart the Abyss, Bend Space, Renounce Religion


You were in a sewer.
You worshipped Lugonu.
Lugonu was pleased with you.
You were not hungry.

You visited 1 branch of the dungeon, and saw 3 of its levels.
You visited the Abyss 1 time.
You also visited: Sewer.

You collected 109 gold pieces.

Inventory:

Hand weapons
 a - a +1 hand axe (weapon)
 k - a +0 dagger
 o - a +0 hunting sling
 q - a cursed -2 blowgun
 r - a +0 club
Missiles
 s - 13 poisoned needles
Armour
 b - a +0 leather armour
 n - a cursed +0 robe (worn)
Jewellery
 f - an uncursed ring of fire
Scrolls
 h - 4 scrolls of fog
 i - 2 scrolls of recharging {unknown}
 m - a scroll of enchant armour
Comestibles
 c - a bread ration
 g - a beef jerky
 j - a meat ration


   Skills:
 + Level 4.2 Fighting
 + Level 2.5 Axes
 + Level 2.4 Armour
 + Level 3.4 Dodging
 + Level 0.6 Stealth
 + Level 2.8 Invocations


You had 4 spell levels left.
You didn't know any spells.

Dungeon Overview and Level Annotations

Branches:
Dungeon (3/15)

Altars:
Ashenzari
Dithmenos
Elyvilon
Fedhas
Qazlal
Sif Muna
Trog
Yredelemnul


Innate Abilities, Weirdness & Mutations

You are partially covered in rough black scales (AC +4, Dex -1).


Message History

You barely miss the big kobold.
The big kobold is lightly wounded.
You feel sick. The adder barely misses you. The adder bites you.
* * * LOW HITPOINT WARNING * * *
The big kobold splashes around in the water.
You closely miss the adder.
The adder is almost dead.
You hit the big kobold but do no damage.
The big kobold is lightly wounded.
You feel sick. The adder closely misses you.
The big kobold hits you with a club.
* * * LOW HITPOINT WARNING * * *
The adder barely misses you.
You don't know any spells.
It was a potion of might.
You feel very mighty all of a sudden. The adder barely misses you.
The big kobold hits you with a club!
* * * LOW HITPOINT WARNING * * *
It was a potion of restore abilities.
You feel refreshed.
You die...

#.≈.## ##...# ## #.≈≈≈## ##...≈#
≈≈≈≈##### #≈≈≈.≈#####..≈≈≈#
#≈≈≈≈≈########.≈≈.≈≈≈≈≈.).≈####
≈≈≈≈###≈≈..≈≈.####≈≈≈≈..≈≈.####≈.
## #≈≈.≈≈...# ##≈≈.≈≈..## #≈≈≈
#.≈.≈≈.≈≈####.≈.≈≈.≈####.≈.
.≈.≈####≈≈≈≈##..≈≈≈≈≈≈.##.≈≈≈
##### ##.≈S@≈≈.....≈..≈≈...#
##.K≈...≈...≈....≈≈##
#≈≈≈.≈≈.....≈≈...≈#
#≈≈≈.≈≈.∩.∩..≈≈≈..#
#.≈.≈......≈.≈≈..≈# #####
##≈≈≈...≈...≈....≈≈## ≈≈≈≈#####
##≈.≈.≈.≈.≈≈.≈≈.≈.≈≈.#
###≈...≈####.≈≈.##≈≈..≈.≈.≈##.≈≈.
≈≈≈.###≈≈≈.≈.≈.####≈.≈≈.≈≈####.≈.


You could see a big kobold and an adder.

Vanquished Creatures
  2 big kobolds (Sewer)
  6 adders
  A river rat (Sewer)
  2 worms (Sewer)
  3 oozes (Sewer)
  A ball python (Sewer)
  2 bats (D:1)
  2 giant cockroaches
  3 hobgoblins
  6 kobolds
  3 giant newts (D:1)
  6 goblins
  4 rats (D:1)
41 creatures vanquished.

Notes
Turn   | Place    | Note
--------------------------------------------------------------
     0 | Abyss:1  | Madness1011, the Demonspawn Abyssal Knight, began the quest for the Orb.
     0 | Abyss:1  | Reached XP level 1. HP: 18/18 MP: 1/1
    40 | D:1      | Escaped the Abyss
   368 | D:1      | Reached skill level 1 in Dodging
   583 | D:1      | Gained mutation: You are partially covered in rough black scales (AC +4, Dex -1). [demonic ancestry]
   583 | D:1      | Reached XP level 2. HP: 24/24 MP: 2/2
  1015 | D:2      | Acquired Lugonu's second power
  1080 | D:2      | Reached XP level 3. HP: 16/29 MP: 4/4
  1302 | D:3      | Found a white marble altar of Elyvilon.
  1302 | D:3      | Found a bloodstained altar of Trog.
  1302 | D:3      | Found a shadowy altar of Dithmenos.
  1302 | D:3      | Found a deep blue altar of Sif Muna.
  1302 | D:3      | Found a stormy altar of Qazlal.
  1303 | D:3      | Found a blossoming altar of Fedhas.
  1311 | D:3      | Found a basalt altar of Yredelemnul.
  1311 | D:3      | Found a shattered altar of Ashenzari.
  1399 | D:3      | Found a glowing drain.
  1464 | D:3      | Found a blossoming altar of Fedhas.
  1536 | Sewer    | Entered a sewer
  1580 | Sewer    | Reached XP level 4. HP: 23/37 MP: 5/5
  1671 | Sewer    | Noticed a big kobold
  1708 | Sewer    | Killed a big kobold
  1708 | Sewer    | Reached skill level 4 in Fighting
  1708 | Sewer    | Reached XP level 5. HP: 16/42 MP: 7/7
  1981 | Sewer    | Noticed a big kobold
  2019 | Sewer    | Killed a big kobold
  2478 | Sewer    | Noticed a big kobold
  2518 | Sewer    | HP: 1/42 [big kobold/club (9)]
  2519 | Sewer    | Succumbed to an adder's poison

Action                   |  1- 3 |  4- 6 || total
-------------------------+-------+-------++-------
Melee: Hand axe          |   105 |   138 ||   243
       Club              |       |     9 ||     9
  Use: Scroll            |     5 |       ||     5
       Potion            |       |     7 ||     7
  Eat: Bread ration      |     1 |       ||     1
       Chunk             |       |     1 ||     1
